AoeStats
← Wildfel

Arabia

510627776Analyzed
1v1 RM · 2d ago on Oct 1, 2026· 42m 46s· 2 players
Game mode
Random Map
Map size
Tiny (2 player)
Population
200
Speed
Normal
Resources
Standard
Victory
Conquest
Starting age
Dark Age
Ending age
Imperial Age
RankedLock teamsTeams togetherTeam positionsShared explorationLock speedFull tech treeHidden civsTurbo modeCheats
Victory
Defeat
🇦🇷 Tatars · Argentina
1544
+18
🇦🇷 Chinese · Argentina
1578
-18
Wildfel
8:32 Feudal Age
6:48 Loom
9:54 Double-Bit Axe
11:58 Horse Collar
20:26 Castle Age
18:55 Gold Mining
19:05 Fletching
21:09 Bodkin Arrow
21:34 Bow Saw
23:22 Husbandry
24:27 Wheelbarrow
33:42 Imperial Age
31:28 Padded Archer Armor
31:51 Ballistics
32:45 Masonry
34:23 Bracer
35:28 Chemistry
39:11 Leather Archer Armor
39:58 Bloodlines
39:10 Light Cavalry
40:56 Scale Barding Armor
42:34 Chain Barding Armor
41:37 Hussar
Cucurreu
0:34 Loom
9:31 Feudal Age
10:09 Double-Bit Axe
10:31 Horse Collar
16:28 Wheelbarrow
22:22 Castle Age
20:53 Fletching
22:21 Padded Archer Armor
22:43 Elite Skirmisher
23:42 Bodkin Arrow
23:38 Town Watch
24:06 Bow Saw
29:30 Gold Mining
33:56 Town Patrol
39:36 Imperial Age
40:24 Bracer
Connection lost

Rejoining the realm…

Still unreachable

The connection could not be restored.

Session expired

The server has moved on; the page needs a fresh start.